AoeStats
← pcreek

Arena

509705896Analyzed
1v1 RM · 4d ago on Sep 27, 2026· 33m 9s· 2 players
Game mode
Random Map
Map size
Tiny (2 player)
Population
200
Speed
Normal
Resources
Standard
Victory
Conquest
Starting age
Dark Age
Ending age
Imperial Age
RankedLock teamsTeams togetherTeam positionsShared explorationLock speedFull tech treeHidden civsTurbo modeCheats
Victory
Defeat
🇺🇸 Turks · United States
504
+15
🇬🇧 Portuguese · United Kingdom
484
-15
pcreek
3:21 Loom
11:00 Feudal Age
11:27 Horse Collar
13:33 Wheelbarrow
13:06 Double-Bit Axe
18:55 Castle Age
17:08 Fletching
17:39 Stone Mining
18:20 Man-at-Arms
18:38 Man-at-Arms
19:44 Scale Mail Armor
21:23 Hand Cart
25:30 Bow Saw
28:25 Bodkin Arrow
30:11 Husbandry
30:24 Bloodlines
32:13 Scale Barding Armor
Soulcake8797
10:48 Loom
13:33 Feudal Age
17:44 Castle Age
15:35 Double-Bit Axe
23:14 Imperial Age
22:49 Bow Saw
22:27 Horse Collar
Connection lost

Rejoining the realm…

Still unreachable

The connection could not be restored.

Session expired

The server has moved on; the page needs a fresh start.